 Dungeon Crawl Stone Soup version 0.31.0-32-g396128a36d (webtiles) character file.

Game seed: 9391693657657723037

1416 Finalfun the Mimic (level 8, -5/54 HPs)
             Began as an Octopode Shapeshifter on Mar 24, 2024.
             Slain by a steam dragon (8 damage)
             ... on level 7 of the Dungeon.
             The game lasted 00:16:20 (6100 turns).

Finalfun the Mimic (Octopode Shapeshifter)          Turns: 6100, Time: 00:16:20

Health: -5/54      AC:  1    Str: 21    XL:     8   Next: 71%
Magic:  8/8        EV: 17    Int: 12    God:
Gold:   236        SH:  5    Dex: 12    Spells: 7/7 levels left

rFire   . .          .
                       - Unarmed
rCold   . . .        (shield currently unavailable)
rNeg    . . .        (helmet restricted)
rPois   .            q - amulet of reflection
rElec   .            d - +6 ring of strength
rCorr   .            l - ring of willpower
SInv    .            (no ring)
Will    +....        (no ring)
Stlth   +            (no ring)
HPRegen 0.29/turn    (no ring)
MPRegen 0.11/turn    (no ring)
                     (no ring)

%: reflection
@: flux-form, glowing
A: glow, contaminating, almost no armour, amphibious, 8 rings, camouflage 1,
gelatinous body 1, (nimble swimmer 1), tentacles
a: Begin Untransformation


You were on level 7 of the Dungeon.
You were something dangerously unstable.
You visited 1 branch of the dungeon, and saw 7 of its levels.

You collected 236 gold pieces.

Inventory:

Missiles
 m - a throwing net (quivered)
Jewellery
 d - a +6 ring of strength (left tentacle)
 f - a ring of ice
 k - a ring of ice
 l - a ring of willpower (right tentacle)
 q - an amulet of reflection (around mantle)
Talismans
 b - a beast talisman
 c - a flux talisman (active)
 g - a storm talisman
Wands
 j - a wand of mindburst (11)
 s - a wand of quicksilver (3)
 v - a wand of polymorph (10)
Scrolls
 h - 2 scrolls of immolation
 i - 4 scrolls of enchant armour
 n - a scroll of enchant weapon
 o - 5 scrolls of teleportation
 p - a scroll of vulnerability {unknown}
 r - a scroll of butterflies {unknown}
 t - a scroll of fear {unknown}
 w - a scroll of amnesia {unknown}
Potions
 a - 2 potions of cancellation
 e - 2 potions of curing
 u - a potion of ambrosia


   Skills:
 - Level 4.0 Fighting
 - Level 2.0 Dodging
 - Level 2.2 Stealth
 + Level 5.6 Unarmed Combat
 + Level 8.1 Shapeshifting


You had 7 spell levels left.
You didn't know any spells.
Your spell library contained the following spells:

 Spells                   Type           Power      Damage    Failure   Level
 Scorch                   Fire           0%         2d5       45%         2
 Dazzling Flash           Conj/Hex       0%         N/A       69%         3
 Mephitic Cloud           Conj/Alch/Air  0%         N/A       69%         3
 Flame Wave               Conj/Fire      0%         2d4       97%         4
 Curse of Agony           Necr           0%         N/A       100%        5
 Silence                  Hex/Air        0%         N/A       100%        5
 Summon Cactus Giant      Summ           0%         N/A       100%        6


Dungeon Overview and Level Annotations

Branches:
Dungeon (7/15)             Temple (0/1) D:4

Altars:
Nemelex Xobeh
Qazlal
Uskayaw
The Shining One

Shops:
D:1 *   D:4 (

Annotations:
D:4 exclusion: ogre


Innate Abilities, Weirdness & Mutations

You are something dangerously unstable.
You glow with magical radiation, making you easy to see and hit.
Foes you strike become dangerously contaminated with magical radiation.
You are incapable of wielding weapons or throwing items.
You cannot wear most types of armour.
You are amphibious.
You can wear up to eight rings at the same time.
Your skin changes colour to match your surroundings (Stealth+).
Your rubbery body absorbs attacks. (AC +1, EV +1)
((You are camouflaged when in or above water. (Stealth+)))
You have tentacles for arms and can constrict up to eight enemies at once.


Message History

The bullfrog begins to glow.
The bullfrog is heavily wounded.
You constrict the bullfrog. The bullfrog misses you.
The bullfrog completely misses you.
You tentacle-slap the bullfrog.
The bullfrog glows dangerously bright.
You squeeze the bullfrog.
The bullfrog is almost dead.
You constrict the bullfrog. You block the bullfrog's attack.
You tentacle-slap the bullfrog.
You kill the bullfrog!
No target in view!
w - a scroll labelled KEURAGI HANA A steam dragon comes into view.
The steam dragon hisses angrily.
The steam dragon breathes steam at you. The ball of steam hits you!
No target in view!
You are engulfed in a cloud of scalding steam.
You are engulfed in a cloud of scalding steam.
The steam dragon bites you. The steam dragon misses you.
You tentacle-slap the steam dragon.
The steam dragon begins to glow.
The steam dragon is moderately wounded.
The steam dragon barely misses you. The steam dragon claws you.
You tentacle-slap the steam dragon.
The steam dragon glows dangerously bright.
The steam dragon is moderately wounded.
The steam dragon breathes steam at you. The ball of steam hits you!
* * * LOW HITPOINT WARNING * * *
You tentacle-slap the steam dragon.
The steam dragon shudders as magic cascades through it.
The steam dragon twists and deforms.
The steam dragon is heavily wounded.
You are engulfed in a cloud of scalding steam.
* * * LOW HITPOINT WARNING * * *
You feel better.
You are engulfed in a cloud of scalding steam.
* * * LOW HITPOINT WARNING * * *
The steam dragon bites you!
You die...

#.....#..# ###.#
#....#
#...####...## ####
#<.##......####....
##.................
###..##.##........
#.###.# .§.....
#.###.###.§.....
###.##.§..pD§.....
#.>)†...####.?....
#.##.##.# ..... ...
#..# .... .....
##... ... .......
.... .. #######
...... . ......
......


You could see a steam dragon (catching breath, misshapen).

Vanquished Creatures
  Edmund (D:4)
  2 sky beasts (D:6)
  An ice beast (D:5)
  2 phantoms (D:4)
  A bullfrog (D:7)
  3 scorpions
  A bombardier beetle (D:4)
  2 hounds
  An orc priest (D:3)
  A gnoll bouda (D:6)
  A jelly (D:7)
  3 iguanas
  2 orc wizards
  15 gnolls
  4 adders
  2 ufetubi (D:6)
  5 ribbon worms
  3 dart slugs
  14 orcs
  9 ball pythons
  8 bats
  11 endoplasms
  4 giant cockroaches
  6 hobgoblins
  6 quokkas
  6 frilled lizards
  6 goblins
  11 kobolds
  9 rats
140 creatures vanquished.

Notes
Turn   | Place    | Note
-------+----------+-------------------------------------------
     0 | D:1      | Finalfun the Octopode Shapeshifter began the quest for the
                  | Orb.
     0 | D:1      | Reached XP level 1. HP: 13/13 MP: 1/1
   120 | D:1      | Reached XP level 2. HP: 19/19 MP: 2/2
   473 | D:1      | Reached XP level 3. HP: 23/25 MP: 3/3
   868 | D:1      | Found Ize Juip's General Store.
   993 | D:1      | Found a faded altar of an unknown god.
  1523 | D:2      | Reached XP level 4. HP: 24/33 MP: 4/4
  2628 | D:3      | Reached skill level 4 in Shapeshifting
  2628 | D:3      | Reached XP level 5. HP: 19/37 MP: 5/5
  2945 | D:3      | Found a glowing golden altar of the Shining One.
  2967 | D:3      | You fall into a shaft and drop 3 floors!
  3020 | D:5      | Entered Level 5 of the Dungeon
  3067 | D:4      | Identified the +8 rapier "Riahao Koha" {elec, rF+}
  3099 | D:4      | Noticed an ogre
  3198 | D:4      | Reached XP level 6. HP: 43/43 MP: 6/6
  3267 | D:4      | Found a hide-covered altar of Uskayaw.
  3713 | D:4      | Reached skill level 5 in Shapeshifting
  3886 | D:4      | Found Toenemypt's Weapon Shop.
  3893 | D:4      | Noticed Edmund
  3928 | D:4      | Killed Edmund
  3933 | D:4      | Reached skill level 6 in Shapeshifting
  3933 | D:4      | Reached XP level 7. HP: 48/48 MP: 7/7
  4106 | D:4      | Found a sparkling altar of Nemelex Xobeh.
  4173 | D:4      | Found a staircase to the Ecumenical Temple.
  4411 | D:5      | Reached skill level 7 in Shapeshifting
  4788 | D:5      | Found a stormy altar of Qazlal.
  4819 | D:5      | Reached XP level 8. HP: 54/54 MP: 8/8
  5863 | D:6      | Reached skill level 5 in Unarmed Combat
  6042 | D:7      | Reached skill level 8 in Shapeshifting
  6099 | D:7      | HP: 2/54 [steam dragon] (10)]
  6100 | D:7      | Slain by a steam dragon

Illustrated notes

Levels and vault maps discovered:
D:1:      mainiacjoe_arrival_reflecting_pool, layout_loops_corners,
          serial_shops, nicolae_shop_hallway_plus,
          hellmonk_ecumenical_altar_defaced_shrine, kennysheep_flooded_box,
          st_stairs_1, minmay_unequal
D:2:      layout_basic, corexii_leaking_fountain
D:3:      layout_basic, lemuel_doored_altar
D:4:      layout_basic, nemelex_spade_bored_becter, lemuel_round_altar,
          minmay_temple_entry_glassed_door, serial_shops, shop,
          minmay_misc_feat_four_crosses, uniq_edmund
D:5:      layout_basic, grunt_qazlal_sundering, minmay_misc_feat_nine_boxes,
          corner_web_ring
D:6:      layout_rooms, fountainhead
D:7:      layout_rooms

Skill      XL: |  1  2  3  4  5  6  7  8 |
---------------+-------------------------+-----
Fighting       | 2 3 4 |  4.0
Shapeshifting  | 4 6 7 8 |  8.1
Stealth        | 2 |  2.2
Unarmed Combat | 5 |  5.6
Dodging        | |  2.0

Action                     |  1- 3 |  4- 6 |  7- 9 || total
---------------------------+-------+-------+-------++-------
  Melee: Unarmed           |    87 |   113 |   129 ||   329
         Constrict         |    21 |    27 |    35 ||    83
         Tentacles         |    13 |    25 |    35 ||    73
         Punch             |     1 |     4 |     1 ||     6
         Rapier            |       |       |     6 ||     6
    Use: Potion            |       |     8 |     1 ||     9
         Scroll            |       |       |     5 ||     5
   Stab: Sleeping          |     3 |    13 |     1 ||    17
         Invisible         |       |       |     1 ||     1
 Armour: Skin              |    23 |    73 |    54 ||   150
  Dodge: Dodged            |    47 |    46 |    90 ||   183
  Block: Other             |       |       |    13 ||    13
   Form: Beast             |     1 |       |       ||     1
         Flux              |       |       |     1 ||     1
